 Dungeon Crawl Stone Soup version 0.31-a0-833-gc15d34cb79 (webtiles) character file.

Game seed: 1243099371867355422

264 LeprechaunX the Changeling (level 6, 0/41 HPs)
             Began as an Octopode Shapeshifter on Sept 26, 2023.
             Was a Follower of Uskayaw.
             Slain by a kobold brigand
             ... wielding a +2 short sword of holy wrath
              (2 damage)
             ... on level 5 of the Dungeon.
             The game lasted 00:04:58 (3339 turns).

LeprechaunX the Changeling (Octopode Shapeshifter)  Turns: 3339, Time: 00:04:59

Health: 0/41       AC:  1    Str: 15    XL:     6   Next: 19%
Magic:  4/7        EV: 13    Int: 12    God:    Uskayaw [*.....]
Gold:   383        SH:  0    Dex: 12    Spells: 5/5 levels left

rFire   . .          .
                       - Unarmed
rCold   . . .        (no shield)
rNeg    . . .        (helmet currently unavailable)
rPois   .            (no amulet)
rElec   .            g - ring of ice
rCorr   .            w - ring of fire
SInv    .            (no ring)
Will    .....        (no ring)
Stlth   ++           (no ring)
HPRegen 0.26/turn    (no ring)
MPRegen 0.10/turn    (no ring)
                     (no ring)

%: no passive effects
@: beast-form
A: beast (slay +2), almost no armour, amphibious, 8 rings, camouflage 1,
gelatinous body 1, (nimble swimmer 1), tentacles
a: Begin Untransformation, Renounce Religion, Stomp


You were on level 5 of the Dungeon.
You worshipped Uskayaw.
Uskayaw was noncommittal.
You were a hulking beast.
You visited 1 branch of the dungeon, and saw 5 of its levels.

You collected 383 gold pieces.

Inventory:

Hand Weapons
 a - a +0 sling
 x - the +0 short sword of the Ghost {heavy, rF++ rCorr Str+4}
   (You found it on level 4 of the Dungeon)

   Str+4:     It affects your strength (+4).
   rF++:      It greatly protects you from fire.
   rCorr:     It protects you from acid and corrosion.
Missiles
 d - 2 darts of dispersal
Jewellery
 g - a ring of ice (left tentacle)
 w - a ring of fire (right tentacle)
Talismans
 b - a beast talisman (active)
 c - a flux talisman
Wands
 v - a wand of mindburst (13)
Scrolls
 e - 5 scrolls of identify {unknown}
 f - 3 scrolls of teleportation {unknown}
 m - 2 scrolls of vulnerability {unknown}
 o - 2 scrolls of amnesia {unknown}
 q - a scroll of blinking {unknown}
 r - a scroll of enchant armour {unknown}
 s - a scroll of poison {unknown}
 u - 2 scrolls of fog {unknown}
Potions
 h - a potion of curing
 i - a potion of heal wounds {unknown}
 j - a potion of attraction {unknown}
 k - 2 potions of cancellation {unknown}
 l - a potion of enlightenment {unknown}
 n - 2 potions of lignification
 p - a potion of magic {unknown}
 t - a potion of might {unknown}


   Skills:
 + Level 2.5 Fighting
 + Level 3.1 Dodging
 + Level 3.8 Unarmed Combat
 + Level 2.0 Invocations
 * Level 4.4 Shapeshifting


You had 5 spell levels left.
You didn't know any spells.
Your spell library contained the following spells:

 Spells                   Type           Power      Damage    Failure   Level
 Apportation              Tloc           0%         N/A       32%         1
 Sting                    Tmut/Pois      0%         1d3       32%         1
 Summon Small Mammal      Summ           0%         N/A       32%         1
 Call Imp                 Summ           0%         N/A       45%         2
 Jinxbite                 Hex            0%         N/A       45%         2
 Poisonous Vapours        Pois/Air       0%         N/A       45%         2
 Call Canine Familiar     Summ           0%         N/A       69%         3
 Inner Flame              Hex/Fire       0%         N/A       69%         3
 Summon Guardian Golem    Hex/Summ       0%         N/A       69%         3
 Flame Wave               Conj/Fire      0%         2d4       97%         4
 Olgreb's Toxic Radiance  Pois           0%         N/A       97%         4
 Sticky Flame             Conj/Fire      0%         2d3       97%         4
 Alistair's Intoxication  Tmut/Pois      0%         N/A       100%        5
 Borgnjor's Vile Clutch   Necr/Erth      0%         N/A       100%        5
 Dragon's Call            Summ           0%         N/A       100%        9


Dungeon Overview and Level Annotations

Branches:
Dungeon (5/15)
 Temple: D:4-7

Altars:
Sif Muna
Uskayaw

Shops:
D:4 *[

Annotations:
D:3 1 runed translucent door, Crazy Yiuf


Innate Abilities, Weirdness & Mutations

You are a hulking beast.
Your limbs bulge with bestial killing power. (Slay +2)
You cannot wear most types of armour.
You are amphibious.
You can wear up to eight rings at the same time.
Your skin changes colour to match your surroundings (Stealth+).
Your rubbery body absorbs attacks. (AC +1, EV +1)
((You are camouflaged when in or above water. (Stealth+)))
You have tentacles for arms and can constrict up to eight enemies at once.


Message History

You feel sick.
You closely miss the kobold. Your grab misses the kobold.
The kobold is severely wounded.
You feel sick. The kobold hits you with a +0 club.
You feel sick. The kobold hits you with a +0 club.
You feel sick. The adder bites you. The kobold hits you with a +0 club. x2
The kobold attacks as it pursues you! The kobold hits you with a +0 club.
There are monsters nearby!
You closely miss the adder. You grab the adder. You squeeze the adder!
You kill the adder!
You feel sick.
You are no longer poisoned.
The kobold closely misses you. The kobold barely misses you. x2
The kobold attacks as it pursues you! The kobold closely misses you.
The kobold misses you.
You see here an adder corpse.
You completely miss the kobold. You grab the kobold.
You constrict the kobold, but do no damage.
The kobold hits you with a +0 club.
The kobold brigand hits you with a +2 short sword of holy wrath!
* * * LOW HITPOINT WARNING * * *
The kobold barely misses you.
You tentacle-slap the kobold brigand. You grab the kobold brigand.
The kobold brigand is lightly wounded.
You constrict the kobold brigand. You constrict the kobold.
The kobold brigand hits you with a +2 short sword of holy wrath.
* * * LOW HITPOINT WARNING * * *
The kobold hits you with a +0 club.
* * * LOW HITPOINT WARNING * * *
The kobold hits you with a +0 club.
* * * LOW HITPOINT WARNING * * *
You can now pass through a line of other dancers.
You stomp with the beat, sending a shockwave through the revellers around you!
You kill the kobold!
The kobold brigand is heavily wounded.
You kill the kobold!
You can no longer pass through a line of other dancers.
You constrict the kobold brigand, but do no damage.
The kobold brigand hits you with a +2 short sword of holy wrath.
You die...

....................#
#####..##...........#
##..............#
#.#............#
#.#<...........#
#.#######'######
#.....#K...#
#.....#)##...# #Kh)#
##..# #.### #+# ...
....# ...... ......
..... .....


You could see a kobold brigand and a kobold.

Vanquished Creatures
  A hound (D:4)
  An iguana (D:4)
  Ijyb (D:4)
  An orc wizard (D:4)
  6 adders
  2 worms
  2 dart slugs
  7 orcs (D:4)
  9 ball pythons
  3 bats
  6 endoplasms
  2 giant cockroaches (D:1)
  7 goblins
  6 hobgoblins
  6 jackals
  6 quokkas
  3 frilled lizards (D:2)
  8 kobolds
  5 rats
82 creatures vanquished.

Notes
Turn   | Place    | Note
-------+----------+-------------------------------------------
     0 | D:1      | LeprechaunX the Octopode Shapeshifter began the quest for
                  | the Orb.
     0 | D:1      | Reached XP level 1. HP: 13/13 MP: 1/1
    72 | D:1      | Reached XP level 2. HP: 18/18 MP: 2/2
   152 | D:1      | Found a faded altar of an unknown god.
   368 | D:1      | Reached XP level 3. HP: 23/23 MP: 3/3
   489 | D:1      | Prayed at the altar of an unknown god.
   489 | D:1      | Became a worshipper of Uskayaw the Reveller
   489 | D:1      | Reached * piety under Uskayaw
  1034 | D:2      | Reached ** piety under Uskayaw
  1667 | D:3      | Reached XP level 4. HP: 29/29 MP: 4/4
  1733 | D:3      | Found a runed translucent door.
  1734 | D:3      | Noticed Crazy Yiuf
  1815 | D:3      | Got a colourful book
  1931 | D:3      | Reached skill level 1 in Invocations
  2338 | D:4      | Found Gewi's Antique Armour Emporium.
  2347 | D:4      | Reached *** piety under Uskayaw
  2348 | D:4      | Reached XP level 5. HP: 20/34 MP: 1/5
  2518 | D:4      | Noticed Ijyb
  2529 | D:4      | Killed Ijyb
  2530 | D:4      | Reached skill level 4 in Shapeshifting
  2782 | D:4      | Found Goteemu's Assorted Antiques.
  2859 | D:4      | Found a shimmering blue altar of Sif Muna.
  2889 | D:4      | Found a transporter.
  2904 | D:4      | Found a transporter.
  2941 | D:4      | Identified the +0 short sword of the Ghost {heavy, rF++
                  | rCorr Str+4}
  3029 | D:4      | Reached XP level 6. HP: 37/41 MP: 7/7
  3307 | D:5      | Entered Level 5 of the Dungeon
  3338 | D:5      | HP: 2/41 [kobold/+0 club (2)]
  3339 | D:5      | Slain by a kobold brigand

Illustrated notes

Levels and vault maps discovered:
D:1:      saegor_arrival_miasma, layout_basic,
          ebering_ecumenical_altar_abandoned, minivault_26
D:2:      layout_loops_corners, chequers_hall_statues_wall_a,
          grunt_ministairs_8, moated_statue
D:3:      layout_basic, minmay_gold_behind_fungi, uniq_crazy_yiuf_cottage
D:4:      layout_basic, gammafunk_temple_overflow_arena, serial_shops,
          nicolae_stop_n_shop_1, nicolae_stop_n_shop_1,
          cheibrodos_sewer_entry_bend, nrook_mini_vaults, uniq_ijyb
D:5:      layout_basic, mainiacjoe_overflow_surrounded_room, okawaru_gym_becter,
          vehumet_altar_wand_db, slow_altar_1, nicolae_overflow_hidden_temple,
          minmay_temple_entry_gardened_gates, serial_curves, eino_curves_01,
          eino_curves_03, nrook_mini_backslash

Skill      XL: |  1  2  3  4  5  6 |
---------------+-------------------+-----
Fighting       | 2 |  2.5
Invocations    | 1 2 |  2.0
Shapeshifting  | 4 |  4.4
Dodging        | 3 |  3.1
Unarmed Combat | |  3.8

Action                     |  1- 3 |  4- 6 || total
---------------------------+-------+-------++-------
  Melee: Unarmed           |    67 |    89 ||   156
         Constrict         |    16 |    22 ||    38
         Tentacles         |     6 |    18 ||    24
         Punch             |     2 |     7 ||     9
 Invoke: Stomp             |     1 |     3 ||     4
    Use: Potion            |       |     1 ||     1
   Stab: Sleeping          |     7 |     5 ||    12
         Paralysed         |       |     1 ||     1
 Armour: Skin              |    21 |    43 ||    64
  Dodge: Dodged            |    38 |    56 ||    94

Table legend: (Time is in decaauts)
 A = Elapsed time spent in this place.
 B = Non-inter-level travel time spent in this place.
 C = Inter-level travel time spent in this place.
 D = Time resting spent in this place.
 E = Time spent auto-exploring this place.
 F = Levels seen in this place.
 G = Mean time per level.
                   A        B        C        D        E       F      G
               +--------+--------+--------+--------+--------+-----+--------+
         Total |   3327 |   3206 |    121 |      5 |   2681 |   5 |  665.4 |
       Dungeon |   3327 |   3206 |    121 |      5 |   2681 |   5 |  665.4 |
               +--------+--------+--------+--------+--------+-----+--------+

Top non-repeatable levels by time:
     D:2: 1098 daAuts
     D:4: 963 daAuts
     D:3: 694 daAuts
     D:1: 540 daAuts
     D:5: 31 daAuts
